[ AOE2 MATCH · #492612438 ]
Team RMKhitans vs Persians
[ REPLAY ANALYSIS · EXTRACTED FROM THE RECORDED GAME ]
Feudal
8:54
Castle
17:16
Imperial
32:52
| APM avg | 54.7 |
| APM peak | 103 |
| eAPM avg | 26.4 |
| Villagers / military | 160 / 519 |
Focus
⚔️ 41.6% · 🌾 58.4%
Scout Cavalry ×305 · Camel Scout ×196 · Cavalry Archer ×15 · Trebuchet (Packed) ×2 · Monk ×1
Feudal
9:07
Castle
21:57
Imperial
33:48
| APM avg | 69.6 |
| APM peak | 101 |
| eAPM avg | 45.1 |
| Villagers / military | 138 / 242 |
Focus
⚔️ 24.9% · 🌾 75.1%
Scout Cavalry ×144 · Obuch ×80 · Trebuchet (Packed) ×11 · Petard ×3 · Militia ×3 · Knight ×1
Feudal
10:56
Castle
14:31
Imperial
28:02
| APM avg | 61.7 |
| APM peak | 98 |
| eAPM avg | 33.6 |
| Villagers / military | 163 / 387 |
Focus
⚔️ 37.9% · 🌾 62.1%
Knight ×266 · Scout Cavalry ×113 · Trade Cart ×44 · Throwing Axeman ×6 · Mangonel ×1 · Trebuchet (Packed) ×1
Feudal
10:44
Castle
18:13
Imperial
30:02
| APM avg | 62.0 |
| APM peak | 147 |
| eAPM avg | 27.9 |
| Villagers / military | 143 / 81 |
Focus
⚔️ 24.1% · 🌾 75.9%
Fire Lancer ×44 · Spearman ×28 · War Wagon ×7 · Trebuchet (Packed) ×2
Feudal
11:37
Castle
14:50
Imperial
35:13
| APM avg | 57.2 |
| APM peak | 107 |
| eAPM avg | 32.5 |
| Villagers / military | 230 / 709 |
Focus
⚔️ 46.1% · 🌾 53.9%
Camel Scout ×501 · Scout Cavalry ×195 · Trade Cart ×44 · Trebuchet (Packed) ×7 · Spearman ×6
Feudal
8:57
Castle
21:27
Imperial
32:59
| APM avg | 41.9 |
| APM peak | 77 |
| eAPM avg | 24.7 |
| Villagers / military | 148 / 245 |
Focus
⚔️ 43.5% · 🌾 56.5%
Obuch ×103 · Scout Cavalry ×66 · Knight ×59 · Battering Ram ×6 · Trebuchet (Packed) ×4 · Bombard Cannon ×4
Feudal
8:01
Castle
19:43
Imperial
35:48
| APM avg | 43.3 |
| APM peak | 88 |
| eAPM avg | 24.9 |
| Villagers / military | 213 / 343 |
Focus
⚔️ 37.6% · 🌾 62.4%
Spearman ×172 · Steppe Lancer ×104 · Kipchak ×49 · Unknown (1260) ×15 · Battering Ram ×13 · Trebuchet (Packed) ×4
Feudal
11:01
Castle
24:52
Imperial
34:17
| APM avg | 44.3 |
| APM peak | 85 |
| eAPM avg | 23.7 |
| Villagers / military | 103 / 141 |
Focus
⚔️ 22.6% · 🌾 77.4%
Spearman ×75 · Hand Cannoneer ×59 · Bombard Cannon ×7
Match map
Initial resources + every placement click. Lines = walls · curves = elevation contours. ◆ gold · ⬟ stone · ● berries · ✦ relic · ◌ wall gap
Your base· ✓ Closed at 17:16 · 0t walls · 2 gate(s)
[CL]CHiNO's base· ✓ Closed at 21:57 · 0t walls · 2 gate(s)
Magio | Paradox's base· ✓ Closed at 14:31 · 0t walls · 3 gate(s)
[CL]_MaNu_'s base· ✓ Closed at 18:13 · 15t walls · 3 gate(s)
Magio | Voy Pocker's base· ✓ Closed at 14:50 · 0t walls · 2 gate(s)
Jugador de Repuesto's base· ✓ Closed at 21:27 · 22t walls · 3 gate(s)
ShanksAoE's base· ✓ Closed at 19:43 · 0t walls · 2 gate(s)
Mesoku_2k's base· ✓ Closed at 24:52 · 79t walls · 2 gate(s)
Smoothed initial terrain · ◌ = detected wall gap · hover for details
Inputs per minute
— [CL]Jupy - - [CL]CHiNO
Build order — [CL]Jupy
First 150 of 511 actions detected
| 0:02 | Create | Villager (Male) |
| 0:02 | Create | Villager (Male) ×3 |
| 0:04 | Build | House |
| 0:05 | Build | House |
| 1:26 | Create | Villager (Male) |
| 2:01 | Create | Villager (Male) |
| 2:15 | Build | Lumber Camp |
| 2:23 | Create | Villager (Male) |
| 2:23 | Create | Villager (Male) |
| 2:57 | Create | Villager (Male) |
| 3:39 | Create | Villager (Male) |
| 3:50 | Build | House |
| 3:57 | Create | Villager (Male) |
| 3:58 | Create | Villager (Male) |
| 3:58 | Create | Villager (Male) |
| 4:49 | Create | Villager (Male) |
| 4:52 | Create | Villager (Male) |
| 4:58 | Build | Mill |
| 5:48 | Create | Villager (Male) |
| 6:14 | Create | Villager (Male) |
| 6:21 | Build | Lumber Camp |
| 6:44 | Research | Feudal Age |
| 7:47 | Build | Barracks |
| 7:52 | Build | House |
| 7:54 | Build | House |
| 8:08 | Create | Villager (Male) |
| 8:54 | Age | Feudal Age |
| 8:58 | Build | Stable |
| 9:13 | Create | Villager (Male) |
| 9:31 | Research | Double-Bit Axe |
| 9:35 | Create | Villager (Male) |
| 9:45 | Create | Scout Cavalry |
| 9:47 | Research | Tech 1014 |
| 9:49 | Create | Villager (Male) |
| 10:01 | Build | House |
| 10:03 | Create | Villager (Male) |
| 10:17 | Build | Pasture |
| 10:37 | Create | Villager (Male) |
| 10:40 | Build | Pasture |
| 11:00 | Create | Scout Cavalry |
| 11:04 | Build | Pasture |
| 11:16 | Create | Villager (Male) |
| 11:35 | Create | Villager (Male) |
| 11:39 | Build | Pasture |
| 12:06 | Create | Villager (Male) |
| 12:14 | Build | Pasture |
| 12:21 | Build | Mining Camp |
| 12:31 | Create | Villager (Male) |
| 12:53 | Create | Villager (Male) |
| 13:06 | Build | Pasture |
| 13:24 | Create | Villager (Male) |
| 13:26 | Build | Market |
| 13:40 | Create | Villager (Male) |
| 13:58 | Build | House |
| 14:18 | Build | Pasture |
| 14:20 | Create | Villager (Male) |
| 14:36 | Research | Castle Age |
| 15:25 | Build | Blacksmith |
| 16:18 | Research | Forging |
| 16:23 | Build | House |
| 16:23 | Build | House |
| 17:16 | Age | Castle Age |
| 17:18 | Create | Villager (Male) |
| 17:21 | Research | Light Cavalry (upgrade) |
| 17:43 | Create | Villager (Male) |
| 17:45 | Build | Town Center |
| 17:48 | Build | Town Center |
| 17:55 | Create | Villager (Male) |
| 18:04 | Build | Town Center |
| 18:14 | Create | Villager (Male) |
| 18:16 | Create | Villager (Male) |
| 18:25 | Create | Villager (Male) |
| 18:29 | Research | Bow Saw |
| 18:56 | Create | Villager (Male) |
| 19:11 | Create | Villager (Male) |
| 19:13 | Create | Villager (Male) |
| 19:20 | Create | Villager (Male) |
| 19:27 | Create | Villager (Male) |
| 19:28 | Create | Villager (Male) |
| 19:31 | Create | Villager (Male) |
| 19:32 | Create | Villager (Male) |
| 19:32 | Create | Villager (Male) |
| 19:40 | Research | Tech 1013 |
| 19:40 | Research | Tech 1013 |
| 19:46 | Create | Villager (Male) |
| 19:46 | Create | Villager (Male) |
| 20:05 | Create | Villager (Male) |
| 20:15 | Create | Villager (Male) |
| 20:22 | Create | Villager (Male) |
| 20:40 | Create | Villager (Male) |
| 20:42 | Build | Pasture |
| 20:45 | Build | Pasture |
| 20:48 | Create | Villager (Male) |
| 20:48 | Create | Villager (Male) |
| 20:49 | Create | Villager (Male) |
| 20:56 | Build | Pasture |
| 20:57 | Build | Pasture |
| 21:02 | Build | Pasture |
| 21:05 | Create | Villager (Male) |
| 21:10 | Create | Villager (Male) |
| 21:12 | Build | Town Center |
| 21:13 | Create | Villager (Male) |
| 21:23 | Create | Villager (Male) |
| 21:26 | Build | Pasture |
| 21:28 | Create | Villager (Male) |
| 21:33 | Create | Villager (Male) |
| 21:36 | Create | Villager (Male) |
| 21:36 | Create | Villager (Male) |
| 21:38 | Build | Pasture |
| 21:41 | Build | Pasture |
| 21:45 | Create | Villager (Male) |
| 21:49 | Build | Pasture |
| 22:07 | Build | House |
| 22:10 | Research | Wheelbarrow |
| 22:16 | Build | Pasture |
| 22:18 | Create | Villager (Male) |
| 22:19 | Build | House |
| 22:22 | Build | House |
| 22:34 | Create | Villager (Male) |
| 22:35 | Create | Villager (Male) |
| 22:39 | Create | Villager (Male) |
| 22:41 | Create | Villager (Male) |
| 22:42 | Create | Villager (Male) |
| 22:45 | Build | House |
| 22:46 | Build | House |
| 22:57 | Create | Villager (Male) |
| 22:59 | Build | House |
| 23:01 | Build | House |
| 23:11 | Create | Villager (Male) |
| 23:12 | Create | Villager (Male) |
| 23:12 | Create | Villager (Male) |
| 23:15 | Build | Pasture |
| 23:20 | Build | Pasture |
| 23:21 | Build | Pasture |
| 23:22 | Build | Pasture |
| 23:26 | Create | Villager (Male) |
| 23:26 | Create | Villager (Male) |
| 23:30 | Create | Villager (Male) |
| 23:34 | Build | House |
| 23:38 | Build | Pasture |
| 23:39 | Build | Pasture |
| 23:40 | Create | Villager (Male) |
| 23:41 | Create | Villager (Male) |
| 23:44 | Create | Villager (Male) |
| 23:52 | Create | Villager (Male) |
| 23:54 | Create | Scout Cavalry |
| 23:55 | Create | Scout Cavalry |
| 24:01 | Build | Mining Camp |
| 24:03 | Research | Stone Mining |
| 24:06 | Create | Villager (Male) |
Build order — [CL]CHiNO
First 150 of 503 actions detected
| 0:03 | Create | Villager (Male) |
| 0:03 | Create | Villager (Male) |
| 0:04 | Create | Villager (Male) |
| 0:04 | Create | Villager (Male) |
| 0:04 | Create | Villager (Male) |
| 0:07 | Build | House |
| 1:06 | Build | House |
| 1:38 | Create | Villager (Male) |
| 1:56 | Build | Lumber Camp |
| 2:04 | Create | Villager (Male) |
| 2:25 | Create | Villager (Male) |
| 2:49 | Create | Villager (Male) |
| 3:15 | Create | Villager (Male) |
| 3:40 | Create | Villager (Male) |
| 4:14 | Create | Villager (Male) |
| 4:20 | Build | House |
| 4:34 | Create | Villager (Male) |
| 4:34 | Create | Villager (Male) |
| 4:58 | Build | Mill |
| 5:17 | Create | Villager (Male) |
| 5:48 | Create | Villager (Male) |
| 6:17 | Create | Villager (Male) |
| 6:57 | Research | Feudal Age |
| 6:57 | Research | Feudal Age |
| 7:00 | Research | Loom |
| 7:29 | Build | Mining Camp |
| 7:59 | Build | House |
| 9:07 | Age | Feudal Age |
| 9:12 | Build | Watch Tower |
| 9:18 | Create | Villager (Male) |
| 9:20 | Research | Double-Bit Axe |
| 9:57 | Create | Villager (Male) |
| 10:02 | Create | Villager (Male) |
| 10:21 | Build | Blacksmith |
| 10:26 | Create | Villager (Male) |
| 10:57 | Create | Villager (Male) |
| 10:57 | Create | Villager (Male) |
| 11:02 | Build | House |
| 11:06 | Research | Fletching |
| 11:17 | Build | Watch Tower |
| 11:44 | Create | Villager (Male) |
| 12:20 | Build | Watch Tower |
| 12:34 | Build | Farm |
| 12:34 | Build | Farm |
| 12:34 | Build | Farm |
| 12:40 | Create | Villager (Male) |
| 12:40 | Create | Villager (Male) |
| 12:40 | Create | Villager (Male) |
| 12:46 | Build | House |
| 12:46 | Build | House |
| 13:43 | Create | Villager (Male) |
| 13:43 | Create | Villager (Male) |
| 14:52 | Create | Villager (Male) |
| 14:52 | Create | Villager (Male) |
| 14:55 | Build | Mill |
| 14:57 | Build | Farm |
| 14:57 | Build | Farm |
| 14:57 | Build | Farm |
| 14:58 | Build | Farm |
| 15:22 | Build | Farm |
| 15:22 | Build | Farm |
| 15:23 | Build | Farm |
| 15:27 | Create | Villager (Male) |
| 15:27 | Create | Villager (Male) |
| 16:09 | Create | Villager (Male) |
| 16:12 | Build | Mill |
| 16:15 | Build | Farm |
| 16:15 | Build | Farm |
| 16:15 | Build | Farm |
| 16:19 | Create | Villager (Male) |
| 16:40 | Build | Watch Tower |
| 16:54 | Build | Mining Camp |
| 16:57 | Create | Villager (Male) |
| 17:21 | Build | House |
| 17:40 | Build | Market |
| 17:44 | Create | Villager (Male) |
| 17:54 | Build | Watch Tower |
| 18:08 | Build | Watch Tower |
| 18:24 | Create | Villager (Male) |
| 18:24 | Create | Villager (Male) |
| 19:17 | Research | Castle Age |
| 19:17 | Research | Castle Age |
| 19:39 | Build | Watch Tower |
| 20:00 | Research | Horse Collar |
| 20:05 | Build | Lumber Camp |
| 20:07 | Research | Gold Mining |
| 20:43 | Build | Farm |
| 21:53 | Create | Villager (Male) |
| 21:57 | Age | Castle Age |
| 22:03 | Research | Bodkin Arrow |
| 22:05 | Create | Villager (Male) |
| 22:05 | Create | Villager (Male) |
| 22:30 | Create | Villager (Male) |
| 22:54 | Build | Castle |
| 23:22 | Create | Villager (Male) |
| 23:22 | Create | Villager (Male) |
| 23:24 | Research | Bow Saw |
| 23:31 | Build | Town Center |
| 23:50 | Build | Town Center |
| 23:53 | Research | Heavy Plow |
| 23:55 | Create | Villager (Male) |
| 24:26 | Create | Villager (Male) |
| 24:26 | Create | Villager (Male) |
| 24:32 | Create | Obuch |
| 24:45 | Build | Mining Camp |
| 24:48 | Create | Villager (Male) |
| 24:59 | Create | Obuch |
| 24:59 | Create | Obuch |
| 24:59 | Create | Obuch |
| 25:28 | Create | Villager (Male) |
| 25:28 | Create | Villager (Male) |
| 25:29 | Build | Farm |
| 25:38 | Create | Villager (Male) |
| 25:41 | Create | Villager (Male) |
| 25:45 | Build | Farm |
| 25:45 | Build | Farm |
| 25:46 | Build | Farm |
| 25:46 | Build | Farm |
| 25:46 | Build | Farm |
| 25:46 | Build | Farm |
| 25:53 | Create | Villager (Male) |
| 25:55 | Create | Villager (Male) |
| 26:01 | Create | Villager (Male) |
| 26:10 | Create | Obuch |
| 26:10 | Create | Obuch |
| 26:18 | Create | Villager (Male) |
| 26:28 | Build | Farm |
| 26:28 | Build | Farm |
| 26:29 | Build | Farm |
| 26:35 | Build | Mill |
| 26:41 | Create | Villager (Male) |
| 26:44 | Create | Villager (Male) |
| 26:55 | Create | Obuch |
| 26:58 | Create | Villager (Male) |
| 27:02 | Create | Villager (Male) |
| 27:06 | Build | Mill |
| 27:08 | Build | Farm |
| 27:08 | Build | Farm |
| 27:09 | Build | Farm |
| 27:27 | Create | Obuch |
| 27:36 | Research | Wheelbarrow |
| 27:42 | Create | Villager (Male) |
| 27:49 | Build | Farm |
| 27:49 | Build | Farm |
| 27:49 | Build | Farm |
| 27:49 | Build | Farm |
| 27:56 | Create | Villager (Male) |
| 27:57 | Create | Villager (Male) |
| 28:03 | Create | Villager (Male) |
| 28:03 | Create | Villager (Male) |
Build order — Magio | Paradox
First 150 of 785 actions detected
| 0:01 | Create | Villager (Male) |
| 0:01 | Create | Villager (Male) |
| 0:01 | Create | Villager (Male) |
| 0:02 | Build | House |
| 0:04 | Build | House |
| 0:05 | Create | Villager (Male) |
| 0:06 | Create | Villager (Male) |
| 1:22 | Create | Villager (Male) |
| 1:40 | Create | Villager (Male) |
| 1:41 | Create | Villager (Male) |
| 1:56 | Build | Lumber Camp |
| 2:16 | Create | Villager (Male) |
| 2:16 | Create | Villager (Male) |
| 2:34 | Create | Villager (Male) |
| 2:53 | Create | Villager (Male) |
| 3:05 | Create | Villager (Male) |
| 3:40 | Create | Villager (Male) |
| 3:41 | Create | Villager (Male) |
| 3:56 | Create | Villager (Male) |
| 3:57 | Create | Villager (Male) |
| 4:03 | Build | House |
| 4:07 | Build | House |
| 4:08 | Build | House |
| 4:15 | Create | Villager (Male) |
| 4:15 | Create | Villager (Male) |
| 4:23 | Build | Mill |
| 4:33 | Create | Villager (Male) |
| 4:57 | Create | Villager (Male) |
| 5:14 | Create | Villager (Male) |
| 5:14 | Create | Villager (Male) |
| 5:29 | Create | Villager (Male) |
| 5:39 | Build | Lumber Camp |
| 6:02 | Create | Villager (Male) |
| 6:03 | Create | Villager (Male) |
| 6:04 | Create | Villager (Male) |
| 7:25 | Build | Farm |
| 7:26 | Build | Farm |
| 7:35 | Build | Farm |
| 7:43 | Create | Villager (Male) |
| 7:58 | Create | Villager (Male) |
| 8:25 | Build | Mining Camp |
| 8:29 | Build | Mining Camp |
| 8:38 | Research | Feudal Age |
| 8:38 | Research | Feudal Age |
| 10:35 | Create | Villager (Male) |
| 10:40 | Create | Villager (Male) |
| 10:56 | Age | Feudal Age |
| 10:59 | Build | Market |
| 11:03 | Build | Blacksmith |
| 11:51 | Research | Castle Age |
| 11:51 | Research | Castle Age |
| 12:23 | Research | Double-Bit Axe |
| 12:23 | Research | Double-Bit Axe |
| 12:26 | Build | House |
| 13:22 | Build | House |
| 13:59 | Build | House |
| 14:15 | Create | Villager (Male) |
| 14:31 | Age | Castle Age |
| 14:32 | Create | Villager (Male) |
| 14:34 | Build | Town Center |
| 14:38 | Create | Villager (Male) |
| 14:41 | Build | Town Center |
| 14:45 | Build | Town Center |
| 14:48 | Build | Farm |
| 14:49 | Create | Villager (Male) |
| 14:56 | Build | Farm |
| 14:58 | Build | Farm |
| 15:00 | Build | Farm |
| 15:03 | Build | Farm |
| 15:20 | Research | Wheelbarrow |
| 15:24 | Research | Wheelbarrow |
| 15:32 | Create | Villager (Male) |
| 15:33 | Build | Farm |
| 15:41 | Build | Farm |
| 15:55 | Build | Farm |
| 16:05 | Build | Farm |
| 16:17 | Build | Farm |
| 16:18 | Create | Villager (Male) |
| 16:26 | Create | Villager (Male) |
| 16:31 | Build | Farm |
| 16:32 | Create | Villager (Male) |
| 16:44 | Build | Farm |
| 16:45 | Create | Villager (Male) |
| 16:48 | Create | Villager (Male) |
| 16:55 | Create | Villager (Male) |
| 16:56 | Create | Villager (Male) |
| 16:57 | Build | Farm |
| 17:05 | Create | Villager (Male) |
| 17:06 | Build | Farm |
| 17:26 | Create | Villager (Male) |
| 17:26 | Create | Villager (Male) |
| 17:26 | Create | Villager (Male) |
| 17:29 | Build | Farm |
| 17:31 | Build | Farm |
| 17:39 | Create | Villager (Male) |
| 17:39 | Create | Villager (Male) |
| 17:41 | Build | Farm |
| 17:43 | Build | Farm |
| 17:45 | Create | Villager (Male) |
| 17:46 | Create | Villager (Male) |
| 17:53 | Build | Farm |
| 17:53 | Create | Villager (Male) |
| 18:02 | Create | Villager (Male) |
| 18:03 | Create | Villager (Male) |
| 18:09 | Create | Villager (Male) |
| 18:10 | Create | Villager (Male) |
| 18:11 | Build | Farm |
| 18:15 | Create | Villager (Male) |
| 18:15 | Create | Villager (Male) |
| 18:23 | Build | Farm |
| 18:25 | Create | Villager (Male) |
| 18:25 | Create | Villager (Male) |
| 18:27 | Build | Farm |
| 18:33 | Create | Villager (Male) |
| 18:33 | Create | Villager (Male) |
| 18:38 | Create | Villager (Male) |
| 18:38 | Create | Villager (Male) |
| 18:42 | Build | Farm |
| 18:46 | Build | Farm |
| 18:50 | Create | Villager (Male) |
| 18:52 | Build | Farm |
| 18:53 | Create | Villager (Male) |
| 18:53 | Create | Villager (Male) |
| 19:00 | Create | Villager (Male) |
| 19:01 | Build | Farm |
| 19:03 | Build | House |
| 19:04 | Build | House |
| 19:06 | Create | Villager (Male) |
| 19:10 | Research | Loom |
| 19:10 | Research | Loom |
| 19:13 | Create | Villager (Male) |
| 19:13 | Create | Villager (Male) |
| 19:27 | Create | Villager (Male) |
| 19:28 | Create | Villager (Male) |
| 19:33 | Build | Outpost |
| 19:36 | Create | Villager (Male) |
| 19:36 | Create | Villager (Male) |
| 19:37 | Create | Villager (Male) |
| 19:38 | Build | Farm |
| 19:39 | Build | Farm |
| 19:40 | Build | Mill |
| 19:41 | Create | Villager (Male) |
| 19:41 | Create | Villager (Male) |
| 19:46 | Build | Farm |
| 19:47 | Create | Villager (Male) |
| 19:47 | Create | Villager (Male) |
| 19:55 | Build | Outpost |
| 19:57 | Build | Outpost |
| 19:59 | Research | Town Watch |
| 20:00 | Research | Town Watch |
Build order — [CL]_MaNu_
First 150 of 353 actions detected
| 0:02 | Create | Villager (Male) |
| 0:02 | Create | Villager (Male) |
| 0:02 | Create | Villager (Male) |
| 0:02 | Create | Villager (Male) |
| 0:03 | Create | Villager (Male) |
| 0:04 | Build | House |
| 0:05 | Build | House |
| 1:23 | Create | Villager (Male) |
| 1:53 | Create | Villager (Male) |
| 1:57 | Build | Lumber Camp |
| 2:14 | Create | Villager (Male) |
| 2:52 | Create | Villager (Male) |
| 2:54 | Create | Villager (Male) |
| 3:25 | Build | House |
| 3:39 | Create | Villager (Male) |
| 4:00 | Create | Villager (Male) |
| 4:14 | Create | Villager (Male) |
| 4:47 | Build | Mill |
| 4:56 | Create | Villager (Male) |
| 5:22 | Create | Villager (Male) |
| 5:45 | Create | Villager (Male) |
| 6:05 | Create | Villager (Male) |
| 6:07 | Build | House |
| 6:41 | Create | Villager (Male) |
| 7:37 | Build | Mining Camp |
| 7:44 | Create | Villager (Male) |
| 8:03 | Create | Villager (Male) |
| 8:14 | Research | Feudal Age |
| 8:58 | Research | Loom |
| 9:09 | Build | House |
| 9:47 | Build | House |
| 10:21 | Build | Palisade Wall |
| 10:25 | Build | Palisade Wall |
| 10:41 | Create | Villager (Male) |
| 10:44 | Age | Feudal Age |
| 10:49 | Build | Blacksmith |
| 11:02 | Create | Villager (Male) |
| 11:06 | Build | Market |
| 11:13 | Create | Villager (Male) |
| 11:21 | Build | Mining Camp |
| 11:49 | Create | Villager (Male) |
| 12:04 | Build | House |
| 12:31 | Build | Watch Tower |
| 12:39 | Build | Gate |
| 12:44 | Build | House |
| 12:46 | Build | Palisade Wall |
| 13:08 | Build | House |
| 13:11 | Build | Palisade Wall |
| 13:24 | Create | Villager (Male) |
| 13:30 | Build | Watch Tower |
| 14:03 | Create | Villager (Male) |
| 14:19 | Build | Mining Camp |
| 14:29 | Create | Villager (Male) |
| 14:53 | Create | Villager (Male) |
| 15:19 | Build | Gate |
| 15:33 | Research | Castle Age |
| 15:40 | Build | House |
| 16:29 | Research | Double-Bit Axe |
| 17:55 | Build | Blacksmith |
| 18:13 | Age | Castle Age |
| 18:14 | Create | Villager (Male) |
| 18:21 | Create | Villager (Male) |
| 18:35 | Build | Farm |
| 18:36 | Build | Farm |
| 18:37 | Build | Farm |
| 18:40 | Build | Farm |
| 18:55 | Create | Villager (Male) |
| 19:20 | Build | Castle |
| 19:27 | Create | Villager (Male) |
| 19:28 | Build | Farm |
| 19:43 | Build | Farm |
| 19:55 | Create | Villager (Male) |
| 20:00 | Research | Fletching |
| 20:06 | Build | Farm |
| 20:14 | Build | Farm |
| 20:28 | Build | Farm |
| 20:31 | Create | Villager (Male) |
| 20:48 | Build | Farm |
| 20:57 | Create | Villager (Male) |
| 20:57 | Create | Villager (Male) |
| 21:00 | Build | Farm |
| 21:18 | Build | Farm |
| 21:24 | Create | Villager (Male) |
| 21:28 | Build | Farm |
| 21:42 | Create | Villager (Male) |
| 21:49 | Build | Farm |
| 21:52 | Build | Farm |
| 22:04 | Build | House |
| 22:20 | Build | Stone Wall |
| 22:21 | Create | Villager (Male) |
| 22:24 | Build | Farm |
| 22:29 | Build | House |
| 22:45 | Build | Farm |
| 22:47 | Build | Farm |
| 22:49 | Create | Villager (Male) |
| 23:02 | Create | Villager (Male) |
| 23:19 | Build | Farm |
| 23:21 | Create | Villager (Male) |
| 23:26 | Build | Farm |
| 23:30 | Research | Wheelbarrow |
| 23:37 | Create | Villager (Male) |
| 23:44 | Build | Farm |
| 24:10 | Create | Villager (Male) |
| 24:17 | Build | Farm |
| 25:08 | Create | Villager (Male) |
| 25:23 | Build | Farm |
| 25:42 | Research | Bow Saw |
| 26:04 | Create | Villager (Male) |
| 26:52 | Research | Imperial Age |
| 26:58 | Build | Stone Wall |
| 26:59 | Create | Villager (Male) |
| 27:37 | Create | War Wagon |
| 27:37 | Create | War Wagon |
| 28:05 | Create | Villager (Male) |
| 28:35 | Create | War Wagon |
| 28:55 | Research | Gold Mining |
| 28:58 | Research | Bodkin Arrow |
| 28:59 | Create | Villager (Male) |
| 29:04 | Create | War Wagon |
| 29:25 | Research | Horse Collar |
| 29:29 | Create | War Wagon |
| 30:02 | Age | Imperial Age |
| 30:11 | Create | Trebuchet (Packed) |
| 30:26 | Research | Bracer |
| 30:33 | Create | Villager (Male) |
| 30:43 | Create | Villager (Male) |
| 31:06 | Create | Villager (Male) |
| 31:11 | Create | Villager (Male) |
| 31:30 | Create | Villager (Male) |
| 31:56 | Build | Town Center |
| 32:06 | Create | Villager (Male) |
| 32:18 | Create | Villager (Male) |
| 32:28 | Create | War Wagon |
| 32:30 | Create | Villager (Male) |
| 33:02 | Create | Trebuchet (Packed) |
| 33:11 | Create | Villager (Male) |
| 33:19 | Create | Villager (Male) |
| 33:20 | Create | Villager (Male) |
| 33:20 | Create | Villager (Male) |
| 33:27 | Create | War Wagon |
| 33:33 | Create | Villager (Male) |
| 33:33 | Create | Villager (Male) |
| 33:37 | Research | Stone Mining |
| 34:08 | Create | Villager (Male) |
| 34:09 | Create | Villager (Male) |
| 34:09 | Create | Villager (Male) |
| 34:45 | Build | Barracks |
| 34:54 | Create | Villager (Male) |
| 34:54 | Create | Villager (Male) |
| 34:54 | Create | Villager (Male) |
Build order — Magio | Voy Pocker
First 150 of 791 actions detected
| 0:01 | Create | Villager (Male) ×5 |
| 0:02 | Create | Villager (Male) ×5 |
| 0:03 | Build | House |
| 0:04 | Build | House |
| 1:20 | Create | Villager (Male) |
| 1:20 | Create | Villager (Male) |
| 1:52 | Build | Lumber Camp |
| 2:00 | Create | Villager (Male) |
| 2:24 | Create | Villager (Male) |
| 2:24 | Create | Villager (Male) |
| 3:23 | Create | Villager (Male) |
| 3:24 | Create | Villager (Male) |
| 3:39 | Create | Villager (Male) |
| 3:47 | Build | House |
| 3:48 | Build | House |
| 3:49 | Build | House |
| 3:58 | Create | Villager (Male) |
| 4:57 | Create | Villager (Male) |
| 5:23 | Create | Villager (Male) |
| 5:28 | Build | Mill |
| 5:37 | Create | Villager (Male) |
| 6:11 | Build | Farm |
| 6:14 | Build | Farm |
| 6:21 | Create | Villager (Male) |
| 6:21 | Create | Villager (Male) |
| 6:51 | Build | Lumber Camp |
| 6:55 | Build | Farm |
| 6:57 | Create | Villager (Male) |
| 7:03 | Create | Villager (Male) |
| 7:04 | Create | Villager (Male) |
| 7:05 | Create | Villager (Male) |
| 7:05 | Create | Villager (Male) |
| 7:33 | Build | Farm |
| 7:45 | Create | Villager (Male) |
| 7:47 | Create | Villager (Male) |
| 8:29 | Build | Farm |
| 8:57 | Research | Feudal Age |
| 9:15 | Build | Mining Camp |
| 9:53 | Create | Villager (Male) |
| 9:54 | Create | Villager (Male) |
| 11:37 | Age | Feudal Age |
| 11:41 | Build | Market |
| 11:43 | Build | Blacksmith |
| 12:24 | Research | Castle Age |
| 12:25 | Research | Castle Age |
| 12:34 | Build | Barracks |
| 13:01 | Research | Double-Bit Axe |
| 13:01 | Research | Double-Bit Axe |
| 13:03 | Research | Horse Collar |
| 13:03 | Research | Horse Collar |
| 13:05 | Build | Farm |
| 13:07 | Build | Farm |
| 13:30 | Build | Stable |
| 13:35 | Create | Spearman |
| 13:38 | Create | Villager (Male) |
| 13:39 | Build | House |
| 14:03 | Build | Farm |
| 14:05 | Create | Scout Cavalry |
| 14:05 | Create | Scout Cavalry |
| 14:47 | Build | House |
| 14:50 | Age | Castle Age |
| 14:56 | Build | Farm |
| 14:57 | Create | Villager (Male) |
| 15:13 | Build | Town Center |
| 15:21 | Create | Spearman |
| 15:22 | Create | Spearman |
| 15:30 | Create | Villager (Male) |
| 15:43 | Create | Villager (Male) |
| 15:48 | Create | Villager (Male) |
| 15:59 | Research | Wheelbarrow |
| 16:01 | Create | Villager (Male) |
| 16:23 | Build | Town Center |
| 16:24 | Create | Villager (Male) |
| 16:26 | Build | Farm |
| 16:43 | Create | Villager (Male) |
| 17:04 | Create | Villager (Male) |
| 17:04 | Create | Villager (Male) |
| 17:21 | Build | Town Center |
| 17:24 | Create | Villager (Male) |
| 17:40 | Create | Villager (Male) |
| 17:44 | Create | Spearman |
| 17:50 | Create | Villager (Male) |
| 17:55 | Create | Spearman |
| 17:56 | Create | Villager (Male) |
| 17:58 | Build | Farm |
| 18:00 | Build | Farm |
| 18:01 | Build | Farm |
| 18:04 | Build | Farm |
| 18:05 | Create | Villager (Male) |
| 18:08 | Create | Villager (Male) |
| 18:09 | Build | Farm |
| 18:13 | Build | Farm |
| 18:15 | Build | Farm |
| 18:21 | Create | Spearman |
| 18:21 | Create | Villager (Male) |
| 19:00 | Create | Villager (Male) |
| 19:00 | Create | Villager (Male) |
| 19:00 | Create | Villager (Male) |
| 19:03 | Build | Farm |
| 19:04 | Build | Farm |
| 19:04 | Build | Farm |
| 19:04 | Build | Farm |
| 19:06 | Create | Villager (Male) |
| 19:06 | Create | Villager (Male) |
| 19:08 | Build | Farm |
| 19:11 | Create | Villager (Male) |
| 19:12 | Create | Villager (Male) |
| 19:14 | Build | Farm |
| 19:15 | Build | Farm |
| 19:15 | Build | Farm |
| 19:27 | Create | Villager (Male) |
| 19:27 | Create | Villager (Male) |
| 19:30 | Build | House |
| 19:31 | Build | House |
| 19:35 | Build | Farm |
| 19:36 | Create | Villager (Male) |
| 19:37 | Build | Farm |
| 19:38 | Build | Farm |
| 19:41 | Build | Farm |
| 19:45 | Build | Farm |
| 19:49 | Create | Villager (Male) |
| 19:49 | Create | Villager (Male) |
| 19:52 | Create | Villager (Male) |
| 19:52 | Create | Villager (Male) |
| 19:54 | Build | Farm |
| 20:01 | Build | Farm |
| 20:02 | Build | House |
| 20:04 | Build | House |
| 20:11 | Create | Villager (Male) |
| 20:11 | Create | Villager (Male) |
| 20:14 | Build | Farm |
| 20:22 | Create | Villager (Male) |
| 20:22 | Create | Villager (Male) |
| 20:22 | Create | Villager (Male) |
| 20:24 | Build | House |
| 20:24 | Create | Villager (Male) |
| 20:32 | Build | Farm |
| 20:33 | Build | Farm |
| 20:34 | Create | Villager (Male) |
| 20:34 | Create | Villager (Male) |
| 20:34 | Create | Villager (Male) |
| 20:37 | Build | Farm |
| 20:38 | Create | Villager (Male) |
| 20:38 | Create | Villager (Male) |
| 20:50 | Create | Villager (Male) |
| 20:50 | Create | Villager (Male) |
| 20:54 | Build | Farm |
| 20:59 | Build | Farm |
| 21:00 | Create | Villager (Male) |
| 21:00 | Create | Villager (Male) |
Build order — Jugador de Repuesto
First 150 of 575 actions detected
| 0:01 | Create | Villager (Male) |
| 0:01 | Create | Villager (Male) |
| 0:01 | Create | Villager (Male) |
| 0:02 | Build | House |
| 0:04 | Build | House |
| 0:10 | Build | House |
| 0:25 | Create | Villager (Male) |
| 0:25 | Create | Villager (Male) |
| 0:25 | Create | Villager (Male) |
| 1:47 | Create | Villager (Male) |
| 1:47 | Create | Villager (Male) |
| 1:47 | Create | Villager (Male) |
| 1:56 | Build | Lumber Camp |
| 2:05 | Create | Villager (Male) |
| 2:08 | Create | Villager (Male) |
| 2:08 | Create | Villager (Male) |
| 2:59 | Create | Villager (Male) |
| 3:13 | Create | Villager (Male) |
| 3:31 | Create | Villager (Male) |
| 3:31 | Create | Villager (Male) |
| 3:42 | Build | House |
| 3:55 | Create | Villager (Male) |
| 3:55 | Create | Villager (Male) |
| 3:55 | Create | Villager (Male) |
| 4:13 | Create | Villager (Male) |
| 4:54 | Build | Mill |
| 5:08 | Create | Villager (Male) |
| 5:08 | Create | Villager (Male) |
| 5:08 | Create | Villager (Male) |
| 5:56 | Create | Villager (Male) |
| 5:57 | Research | Loom |
| 6:46 | Research | Feudal Age |
| 6:47 | Research | Feudal Age |
| 6:47 | Research | Feudal Age |
| 6:59 | Build | Mining Camp |
| 7:58 | Build | Palisade Wall |
| 8:05 | Create | Villager (Male) |
| 8:57 | Age | Feudal Age |
| 9:05 | Research | Double-Bit Axe |
| 9:29 | Build | Watch Tower |
| 9:31 | Create | Villager (Male) |
| 9:31 | Create | Villager (Male) |
| 9:45 | Build | House |
| 9:59 | Create | Villager (Male) |
| 10:05 | Build | Blacksmith |
| 10:44 | Create | Villager (Male) |
| 11:01 | Build | Watch Tower |
| 11:06 | Research | Fletching |
| 11:06 | Research | Fletching |
| 11:15 | Create | Villager (Male) |
| 11:18 | Build | House |
| 11:46 | Create | Villager (Male) |
| 11:58 | Create | Villager (Male) |
| 12:01 | Build | Farm |
| 12:04 | Build | Farm |
| 12:24 | Create | Villager (Male) |
| 12:27 | Build | Farm |
| 12:29 | Build | Farm |
| 12:37 | Build | House |
| 12:41 | Create | Villager (Male) |
| 13:05 | Create | Villager (Male) |
| 13:18 | Create | Villager (Male) |
| 13:22 | Build | Farm |
| 13:25 | Research | Horse Collar |
| 13:39 | Create | Villager (Male) |
| 14:05 | Build | House |
| 14:20 | Build | Palisade Wall |
| 14:24 | Create | Villager (Male) |
| 14:26 | Build | Farm |
| 14:40 | Build | Watch Tower |
| 14:55 | Create | Villager (Male) |
| 15:11 | Build | Farm |
| 15:26 | Create | Villager (Male) |
| 15:35 | Build | Mining Camp |
| 15:37 | Create | Villager (Male) |
| 15:42 | Build | House |
| 16:10 | Create | Villager (Male) |
| 16:14 | Build | Market |
| 16:45 | Create | Villager (Male) |
| 16:54 | Build | Stone Wall |
| 16:55 | Build | Stone Wall |
| 16:56 | Build | Stone Wall |
| 16:57 | Build | Stone Wall |
| 16:59 | Build | Stone Wall |
| 17:02 | Build | Stone Wall |
| 17:03 | Build | Stone Wall |
| 17:04 | Build | Stone Wall |
| 17:05 | Build | Stone Wall |
| 17:05 | Build | Stone Wall |
| 17:07 | Build | Stone Wall |
| 17:07 | Build | Stone Wall |
| 17:08 | Build | Stone Wall |
| 17:11 | Create | Villager (Male) |
| 17:21 | Build | Mill |
| 17:31 | Build | Outpost |
| 17:33 | Build | Outpost |
| 17:37 | Build | Outpost |
| 17:40 | Create | Villager (Male) |
| 17:43 | Build | Farm |
| 18:02 | Build | Farm |
| 18:04 | Build | Farm |
| 18:12 | Create | Villager (Male) |
| 18:40 | Build | Farm |
| 18:47 | Research | Castle Age |
| 18:47 | Research | Castle Age |
| 18:51 | Build | Farm |
| 19:01 | Build | House |
| 19:07 | Build | House |
| 19:11 | Build | House |
| 19:29 | Research | Stone Mining |
| 19:29 | Research | Stone Mining |
| 19:44 | Build | Farm |
| 19:49 | Build | House |
| 19:58 | Build | Stone Wall |
| 20:00 | Build | Stone Wall |
| 20:00 | Build | Stone Wall |
| 20:01 | Build | Stone Wall |
| 20:02 | Build | Stone Wall |
| 20:03 | Build | Stone Wall |
| 20:04 | Build | Stone Wall |
| 20:05 | Build | Stone Wall |
| 20:15 | Build | Gate |
| 20:26 | Build | Farm |
| 20:28 | Build | Farm |
| 20:32 | Build | Farm |
| 21:22 | Create | Villager (Male) |
| 21:22 | Create | Villager (Male) |
| 21:27 | Age | Castle Age |
| 21:31 | Build | Town Center |
| 21:48 | Build | Town Center |
| 22:04 | Create | Villager (Male) |
| 22:12 | Build | Town Center |
| 22:21 | Create | Villager (Male) |
| 22:23 | Build | Town Center |
| 22:43 | Create | Villager (Male) |
| 22:44 | Create | Villager (Male) |
| 22:46 | Create | Villager (Male) |
| 22:46 | Create | Villager (Male) |
| 22:46 | Create | Villager (Male) |
| 23:11 | Research | Wheelbarrow |
| 23:11 | Research | Wheelbarrow |
| 23:14 | Create | Villager (Male) |
| 23:18 | Create | Villager (Male) |
| 23:19 | Create | Villager (Male) |
| 23:19 | Create | Villager (Male) |
| 23:35 | Build | Siege Workshop |
| 23:49 | Create | Villager (Male) |
| 23:58 | Create | Villager (Male) |
| 23:59 | Create | Villager (Male) |
| 23:59 | Create | Villager (Male) |
Build order — ShanksAoE
First 150 of 579 actions detected
| 0:00 | Create | Villager (Male) |
| 0:00 | Create | Villager (Male) |
| 0:02 | Build | House |
| 0:03 | Build | House |
| 0:13 | Create | Villager (Male) |
| 0:29 | Create | Villager (Male) |
| 1:27 | Create | Villager (Male) |
| 1:58 | Create | Villager (Male) |
| 1:58 | Create | Villager (Male) |
| 2:15 | Build | Lumber Camp |
| 2:32 | Create | Villager (Male) |
| 3:03 | Build | House |
| 3:13 | Create | Villager (Male) |
| 3:15 | Create | Villager (Male) |
| 4:02 | Create | Villager (Male) |
| 4:32 | Create | Villager (Male) |
| 4:58 | Create | Villager (Male) |
| 5:06 | Build | Mill |
| 5:18 | Create | Villager (Male) |
| 5:51 | Research | Feudal Age |
| 7:12 | Create | Villager (Male) |
| 8:01 | Age | Feudal Age |
| 8:04 | Build | Town Center |
| 8:13 | Create | Villager (Male) |
| 8:30 | Create | Villager (Male) |
| 8:57 | Build | House |
| 9:05 | Create | Villager (Male) |
| 9:15 | Create | Villager (Male) |
| 9:29 | Create | Villager (Male) |
| 9:42 | Research | Double-Bit Axe |
| 10:02 | Build | House |
| 10:04 | Build | House |
| 10:04 | Build | House |
| 10:07 | Create | Villager (Male) |
| 10:08 | Create | Villager (Male) |
| 10:21 | Research | Horse Collar |
| 10:23 | Create | Villager (Male) |
| 10:24 | Create | Villager (Male) |
| 10:43 | Build | Farm |
| 10:55 | Build | Farm |
| 10:55 | Create | Villager (Male) |
| 10:56 | Create | Villager (Male) |
| 11:04 | Build | Farm |
| 11:15 | Create | Villager (Male) |
| 11:26 | Build | House |
| 11:32 | Build | Farm |
| 11:37 | Create | Villager (Male) |
| 11:39 | Build | Farm |
| 11:49 | Build | Farm |
| 11:59 | Create | Villager (Male) |
| 12:04 | Build | Farm |
| 12:10 | Create | Villager (Male) |
| 12:16 | Build | Farm |
| 12:23 | Create | Villager (Male) |
| 12:25 | Build | Farm |
| 12:31 | Build | Farm |
| 12:36 | Create | Villager (Male) |
| 12:44 | Build | Farm |
| 12:46 | Create | Villager (Male) |
| 13:00 | Create | Villager (Male) |
| 13:04 | Build | Farm |
| 13:07 | Build | Farm |
| 13:10 | Create | Villager (Male) |
| 13:16 | Create | Villager (Male) |
| 13:20 | Build | Farm |
| 13:22 | Build | Farm |
| 13:24 | Create | Villager (Male) |
| 13:32 | Build | Farm |
| 13:49 | Create | Villager (Male) |
| 13:55 | Build | Farm |
| 13:59 | Create | Villager (Male) |
| 14:16 | Build | Barracks |
| 14:17 | Create | Villager (Male) |
| 14:18 | Research | Wheelbarrow |
| 14:23 | Create | Villager (Male) |
| 14:27 | Build | Farm |
| 14:36 | Build | Farm |
| 14:46 | Create | Villager (Male) |
| 14:51 | Build | House |
| 14:59 | Build | Farm |
| 15:01 | Build | Farm |
| 15:11 | Create | Villager (Male) |
| 15:19 | Create | Villager (Male) |
| 15:36 | Build | Farm |
| 15:37 | Build | Farm |
| 15:43 | Build | Farm |
| 15:48 | Create | Villager (Male) |
| 16:02 | Build | Stable |
| 16:04 | Create | Villager (Male) |
| 16:11 | Build | Blacksmith |
| 16:18 | Create | Villager (Male) |
| 16:25 | Build | House |
| 16:28 | Build | House |
| 16:30 | Build | House |
| 16:30 | Create | Villager (Male) |
| 16:47 | Create | Villager (Male) |
| 16:54 | Build | House |
| 17:03 | Research | Castle Age |
| 17:07 | Build | Farm |
| 17:07 | Build | Farm |
| 17:07 | Build | Farm |
| 17:07 | Build | Farm |
| 17:08 | Build | Farm |
| 17:08 | Build | Farm |
| 17:10 | Create | Villager (Male) |
| 17:33 | Create | Villager (Male) |
| 17:38 | Build | House |
| 17:39 | Build | Stable |
| 17:45 | Build | Farm |
| 17:45 | Build | Farm |
| 17:46 | Build | Farm |
| 17:50 | Create | Villager (Male) |
| 17:55 | Create | Scout Cavalry |
| 17:57 | Research | Bloodlines |
| 18:11 | Create | Villager (Male) |
| 18:13 | Build | Farm |
| 18:27 | Create | Villager (Male) |
| 18:34 | Create | Villager (Male) |
| 18:42 | Create | Villager (Male) |
| 18:47 | Build | Farm |
| 18:47 | Build | Farm |
| 18:48 | Build | Mill |
| 18:49 | Build | Farm |
| 18:49 | Build | Farm |
| 18:50 | Build | Farm |
| 18:50 | Create | Villager (Male) |
| 18:59 | Build | Mining Camp |
| 19:01 | Research | Forging |
| 19:07 | Build | House |
| 19:08 | Build | House |
| 19:27 | Build | Stable |
| 19:32 | Research | Gold Mining |
| 19:43 | Age | Castle Age |
| 19:46 | Research | Loom |
| 19:47 | Create | Steppe Lancer |
| 19:48 | Create | Steppe Lancer |
| 19:48 | Create | Steppe Lancer |
| 19:48 | Create | Steppe Lancer |
| 19:52 | Create | Villager (Male) |
| 19:54 | Create | Villager (Male) |
| 19:54 | Create | Villager (Male) |
| 20:04 | Research | Iron Casting |
| 20:11 | Create | Villager (Male) |
| 20:22 | Create | Steppe Lancer |
| 20:23 | Create | Steppe Lancer |
| 20:30 | Build | Siege Workshop |
| 20:31 | Create | Villager (Male) |
| 20:33 | Create | Steppe Lancer |
| 20:37 | Build | House |
| 20:38 | Build | House |
Build order — Mesoku_2k
First 150 of 334 actions detected
| 0:01 | Create | Villager (Male) |
| 0:01 | Create | Villager (Male) |
| 0:02 | Create | Villager (Male) |
| 0:02 | Create | Villager (Male) |
| 0:04 | Build | House |
| 0:06 | Build | House |
| 1:26 | Create | Villager (Male) |
| 1:27 | Create | Villager (Male) |
| 1:51 | Create | Villager (Male) |
| 1:52 | Create | Villager (Male) |
| 2:22 | Build | Lumber Camp |
| 2:24 | Create | Villager (Male) |
| 2:25 | Create | Villager (Male) |
| 2:25 | Create | Villager (Male) |
| 2:50 | Create | Villager (Male) |
| 2:50 | Create | Villager (Male) |
| 3:11 | Create | Villager (Male) |
| 3:11 | Create | Villager (Male) |
| 4:02 | Create | Villager (Male) |
| 4:02 | Create | Villager (Male) |
| 4:02 | Create | Villager (Male) |
| 4:17 | Create | Villager (Male) |
| 4:20 | Build | House |
| 4:44 | Build | Mill |
| 5:03 | Build | House |
| 5:26 | Create | Villager (Male) |
| 5:29 | Create | Villager (Male) |
| 5:29 | Create | Villager (Male) |
| 5:29 | Create | Villager (Male) |
| 5:58 | Create | Villager (Male) |
| 6:01 | Create | Villager (Male) |
| 6:02 | Create | Villager (Male) |
| 6:48 | Create | Villager (Male) |
| 7:02 | Build | Lumber Camp |
| 7:32 | Create | Villager (Male) |
| 7:51 | Create | Villager (Male) |
| 7:55 | Build | Farm |
| 8:15 | Build | Farm |
| 8:22 | Build | Mining Camp |
| 8:38 | Research | Feudal Age |
| 9:18 | Build | House |
| 9:22 | Build | House |
| 9:32 | Build | House |
| 9:51 | Build | Palisade Wall |
| 9:55 | Build | Palisade Wall |
| 10:00 | Build | Palisade Wall |
| 10:05 | Build | Palisade Wall |
| 10:14 | Build | Palisade Wall |
| 10:16 | Research | Loom |
| 10:31 | Build | Palisade Wall |
| 11:01 | Age | Feudal Age |
| 11:20 | Build | Watch Tower |
| 11:27 | Create | Villager (Male) |
| 11:30 | Build | Blacksmith |
| 11:36 | Build | Palisade Wall |
| 11:40 | Build | Palisade Wall |
| 11:41 | Build | Palisade Wall |
| 11:44 | Build | Palisade Wall |
| 11:53 | Create | Villager (Male) |
| 11:57 | Build | Mining Camp |
| 12:10 | Research | Fletching |
| 12:13 | Build | Palisade Wall |
| 12:18 | Build | Mining Camp |
| 12:21 | Create | Villager (Male) |
| 12:31 | Build | Palisade Wall |
| 12:33 | Build | Palisade Wall |
| 12:35 | Create | Villager (Male) |
| 12:50 | Build | Palisade Wall |
| 12:59 | Build | House |
| 13:07 | Build | Palisade Wall |
| 13:16 | Build | House |
| 13:21 | Build | House |
| 13:37 | Build | Palisade Wall |
| 13:41 | Build | House |
| 13:57 | Create | Villager (Male) |
| 14:08 | Build | House |
| 14:12 | Create | Villager (Male) |
| 14:15 | Build | Watch Tower |
| 14:26 | Build | House |
| 14:37 | Build | Palisade Wall |
| 14:45 | Create | Villager (Male) |
| 14:48 | Build | Palisade Wall |
| 15:12 | Build | House |
| 15:25 | Create | Villager (Male) |
| 15:37 | Build | House |
| 15:38 | Create | Villager (Male) |
| 16:02 | Build | House |
| 16:07 | Build | Palisade Wall |
| 16:08 | Create | Villager (Male) |
| 16:13 | Build | Market |
| 16:32 | Create | Villager (Male) |
| 16:34 | Research | Double-Bit Axe |
| 16:38 | Build | Watch Tower |
| 17:09 | Create | Villager (Male) |
| 17:09 | Create | Villager (Male) |
| 17:36 | Build | Palisade Wall |
| 17:38 | Build | Palisade Wall |
| 17:48 | Build | Watch Tower |
| 17:49 | Create | Villager (Male) |
| 17:50 | Create | Villager (Male) |
| 17:52 | Build | Palisade Wall |
| 18:15 | Build | Palisade Wall |
| 18:21 | Build | Watch Tower |
| 19:26 | Build | Farm |
| 19:38 | Build | Farm |
| 19:39 | Create | Villager (Male) |
| 19:39 | Create | Villager (Male) |
| 19:51 | Build | Farm |
| 19:52 | Build | Farm |
| 20:18 | Create | Villager (Male) |
| 20:18 | Create | Villager (Male) |
| 20:38 | Create | Villager (Male) |
| 20:49 | Create | Villager (Male) |
| 21:18 | Create | Villager (Male) |
| 22:12 | Research | Castle Age |
| 22:52 | Build | Mill |
| 22:54 | Build | Farm |
| 22:54 | Build | Farm |
| 23:11 | Build | House |
| 23:39 | Build | Stone Wall |
| 23:45 | Build | Stone Wall |
| 23:48 | Build | Stone Wall |
| 23:54 | Build | Stone Wall |
| 23:58 | Build | Stone Wall |
| 24:09 | Build | Stone Wall |
| 24:17 | Build | Stone Wall |
| 24:52 | Age | Castle Age |
| 24:56 | Create | Villager (Male) |
| 24:57 | Create | Villager (Male) |
| 25:21 | Build | Farm |
| 25:22 | Build | Farm |
| 25:28 | Create | Villager (Male) |
| 26:22 | Build | Castle |
| 26:31 | Create | Villager (Male) |
| 26:36 | Research | Bow Saw |
| 26:37 | Create | Villager (Male) |
| 26:39 | Create | Villager (Male) |
| 27:11 | Build | Mining Camp |
| 27:14 | Create | Villager (Male) |
| 27:28 | Build | Farm |
| 27:41 | Build | House |
| 27:46 | Create | Villager (Male) |
| 27:53 | Build | Farm |
| 27:54 | Build | Farm |
| 27:57 | Build | Monastery |
| 28:11 | Build | House |
| 28:14 | Create | Villager (Male) |
| 28:37 | Build | Farm |
| 28:43 | Build | House |
| 28:51 | Create | Villager (Male) |
Match timeline
| 7:47 | [CL]Jupy · first_building Barracks |
| 7:58 | Jugador de Repuesto · wall_segment Palisade Wall x1 |
| 8:01 | ShanksAoE · age_up feudal |
| 8:54 | [CL]Jupy · age_up feudal |
| 8:57 | Jugador de Repuesto · age_up feudal |
| 8:58 | [CL]Jupy · first_building Stable |
| 9:07 | [CL]CHiNO · age_up feudal |
| 9:51 | Mesoku_2k · wall_segment Palisade Wall x3 |
| 9:55 | Mesoku_2k · wall_segment Palisade Wall x5 |
| 10:00 | Mesoku_2k · wall_segment Palisade Wall x5 |
| 10:05 | Mesoku_2k · wall_segment Palisade Wall x4 |
| 10:14 | Mesoku_2k · wall_segment Palisade Wall x4 |
| 10:21 | [CL]_MaNu_ · wall_segment Palisade Wall x7 |
| 10:25 | [CL]_MaNu_ · wall_segment Palisade Wall x6 |
| 10:31 | Mesoku_2k · wall_segment Palisade Wall x4 |
| 10:44 | [CL]_MaNu_ · age_up feudal |
| 10:56 | Magio | Paradox · age_up feudal |
| 11:01 | Mesoku_2k · age_up feudal |
| 11:36 | Mesoku_2k · wall_segment Palisade Wall x2 |
| 11:37 | Magio | Voy Pocker · age_up feudal |
| 11:40 | Mesoku_2k · wall_segment Palisade Wall x1 |
| 11:41 | Mesoku_2k · wall_segment Palisade Wall x1 |
| 11:44 | Mesoku_2k · wall_segment Palisade Wall x1 |
| 11:50 | Magio | Paradox · first_market_sell 100 stone |
| 12:13 | Mesoku_2k · wall_segment Palisade Wall x1 |
| 12:23 | Magio | Voy Pocker · first_market_sell 100 stone |
| 12:31 | Mesoku_2k · wall_segment Palisade Wall x1 |
| 12:33 | Mesoku_2k · wall_segment Palisade Wall x4 |
| 12:34 | Magio | Voy Pocker · first_building Barracks |
| 12:46 | [CL]_MaNu_ · wall_segment Palisade Wall x1 |
| 12:50 | Mesoku_2k · wall_segment Palisade Wall x3 |
| 13:07 | Mesoku_2k · wall_segment Palisade Wall x3 |
| 13:11 | [CL]_MaNu_ · wall_segment Palisade Wall x1 |
| 13:30 | Magio | Voy Pocker · first_building Stable |
| 13:37 | Mesoku_2k · wall_segment Palisade Wall x1 |
| 14:16 | ShanksAoE · first_building Barracks |
| 14:20 | Jugador de Repuesto · wall_segment Palisade Wall x1 |
| 14:31 | Magio | Paradox · age_up castle |
| 14:37 | Mesoku_2k · wall_segment Palisade Wall x8 |
| 14:48 | Mesoku_2k · wall_segment Palisade Wall x1 |
| 14:50 | Magio | Voy Pocker · age_up castle |
| 15:11 | [CL]_MaNu_ · first_market_buy 100 food |
| 15:13 | [CL]_MaNu_ · first_market_sell 100 wood |
| 15:48 | [CL]Jupy · first_market_buy 100 stone |
| 16:02 | ShanksAoE · first_building Stable |
| 16:07 | Mesoku_2k · wall_segment Palisade Wall x1 |
| 16:54 | Jugador de Repuesto · wall_segment Stone Wall x1 |
| 16:55 | Jugador de Repuesto · wall_segment Stone Wall x1 |
| 16:56 | Jugador de Repuesto · wall_segment Stone Wall x1 |
| 16:57 | Jugador de Repuesto · wall_segment Stone Wall x1 |
| 16:59 | Jugador de Repuesto · wall_segment Stone Wall x1 |
| 17:02 | Jugador de Repuesto · wall_segment Stone Wall x1 |
| 17:03 | Jugador de Repuesto · wall_segment Stone Wall x1 |
| 17:04 | Jugador de Repuesto · wall_segment Stone Wall x1 |
| 17:05 | Jugador de Repuesto · wall_segment Stone Wall x1 |
| 17:05 | Jugador de Repuesto · wall_segment Stone Wall x1 |
| 17:07 | Jugador de Repuesto · wall_segment Stone Wall x1 |
| 17:07 | Jugador de Repuesto · wall_segment Stone Wall x1 |
| 17:08 | Jugador de Repuesto · wall_segment Stone Wall x2 |
| 17:16 | [CL]Jupy · age_up castle |
| 17:36 | Mesoku_2k · wall_segment Palisade Wall x3 |
| 17:38 | Mesoku_2k · wall_segment Palisade Wall x1 |
| 17:43 | Mesoku_2k · first_market_buy 100 stone |
| 17:52 | Mesoku_2k · wall_segment Palisade Wall x1 |
| 18:13 | [CL]_MaNu_ · age_up castle |
| 18:15 | Mesoku_2k · wall_segment Palisade Wall x2 |
| 18:43 | [CL]CHiNO · first_market_buy 100 food |
| 19:15 | [CL]CHiNO · first_market_sell 100 stone |
| 19:17 | Mesoku_2k · first_market_sell 100 wood |
| 19:20 | [CL]_MaNu_ · first_building Castle |
| 19:43 | ShanksAoE · age_up castle |
| 19:52 | Magio | Voy Pocker · first_market_buy 100 food |
| 19:58 | Jugador de Repuesto · wall_segment Stone Wall x1 |
| 20:00 | Jugador de Repuesto · wall_segment Stone Wall x1 |
| 20:00 | Jugador de Repuesto · wall_segment Stone Wall x1 |
| 20:01 | Jugador de Repuesto · wall_segment Stone Wall x1 |
| 20:02 | Jugador de Repuesto · wall_segment Stone Wall x1 |
| 20:03 | Jugador de Repuesto · wall_segment Stone Wall x1 |
| 20:04 | Jugador de Repuesto · wall_segment Stone Wall x1 |
| 20:05 | Jugador de Repuesto · wall_segment Stone Wall x1 |
| 20:30 | ShanksAoE · first_building Siege Workshop |
| 20:54 | Magio | Paradox · first_market_buy 100 stone |
| 21:27 | Jugador de Repuesto · age_up castle |
| 21:42 | Jugador de Repuesto · first_market_buy 100 stone |
| 21:57 | [CL]CHiNO · age_up castle |
| 22:20 | [CL]_MaNu_ · wall_segment Stone Wall x4 |
| 22:32 | Magio | Paradox · first_building Castle |
| 22:52 | Magio | Paradox · first_building Siege Workshop |
| 22:54 | [CL]CHiNO · first_building Castle |
| 23:35 | Jugador de Repuesto · first_building Siege Workshop |
| 23:39 | Mesoku_2k · wall_segment Stone Wall x9 |
| 23:45 | Mesoku_2k · wall_segment Stone Wall x5 |
| 23:48 | Mesoku_2k · wall_segment Stone Wall x4 |
| 23:54 | Mesoku_2k · wall_segment Stone Wall x2 |
| 23:58 | Mesoku_2k · wall_segment Stone Wall x1 |
| 24:09 | Mesoku_2k · wall_segment Stone Wall x3 |
| 24:17 | Mesoku_2k · wall_segment Stone Wall x1 |
| 24:52 | Mesoku_2k · age_up castle |
| 25:16 | Magio | Paradox · first_building Barracks |
| 25:22 | Magio | Voy Pocker · first_building Monastery |
| 25:42 | Jugador de Repuesto · first_building Castle |
| 26:14 | Magio | Paradox · first_building Stable |
| 26:22 | Mesoku_2k · first_building Castle |
| 26:58 | [CL]_MaNu_ · wall_segment Stone Wall x1 |
| 27:29 | Jugador de Repuesto · first_building Barracks |
| 27:57 | Mesoku_2k · first_building Monastery |
| 27:59 | Magio | Voy Pocker · wall_segment Stone Wall x1 |
| 28:00 | Magio | Voy Pocker · wall_segment Stone Wall x1 |
| 28:02 | Magio | Paradox · age_up imperial |
| 28:41 | Jugador de Repuesto · first_building Stable |
| 28:50 | [CL]Jupy · first_building Castle |
| 29:04 | [CL]Jupy · first_market_sell 100 food |
| 29:13 | [CL]Jupy · first_building Monastery |
| 30:02 | [CL]_MaNu_ · age_up imperial |
| 31:25 | ShanksAoE · first_building Monastery |
| 31:41 | Mesoku_2k · first_building Siege Workshop |
| 32:52 | [CL]Jupy · age_up imperial |
| 32:59 | Jugador de Repuesto · age_up imperial |
| 33:30 | Jugador de Repuesto · first_market_sell 500 wood |
| 33:48 | [CL]CHiNO · age_up imperial |
| 34:17 | Mesoku_2k · age_up imperial |
| 34:20 | Magio | Voy Pocker · first_building Castle |
| 34:45 | [CL]_MaNu_ · first_building Barracks |
| 35:02 | [CL]CHiNO · wall_segment Stone Wall x1 |
| 35:10 | [CL]CHiNO · wall_segment Stone Wall x3 |
| 35:13 | Magio | Voy Pocker · age_up imperial |
| 35:48 | ShanksAoE · age_up imperial |
| 36:43 | ShanksAoE · wall_segment Palisade Wall x1 |
| 36:45 | ShanksAoE · wall_segment Palisade Wall x1 |
| 36:47 | ShanksAoE · wall_segment Palisade Wall x1 |
| 36:48 | ShanksAoE · wall_segment Palisade Wall x1 |
| 36:50 | ShanksAoE · wall_segment Palisade Wall x1 |
| 36:51 | ShanksAoE · wall_segment Palisade Wall x1 |
| 36:54 | ShanksAoE · wall_segment Palisade Wall x1 |
| 36:54 | ShanksAoE · wall_segment Palisade Wall x1 |
| 38:34 | Magio | Voy Pocker · tribute_sent a jugador 1 |
| 38:34 | Magio | Voy Pocker · tribute_sent a jugador 2 |
| 38:34 | Magio | Voy Pocker · tribute_sent a jugador 3 |
| 38:34 | Magio | Voy Pocker · tribute_sent a jugador 5 |
| 38:34 | Magio | Voy Pocker · tribute_sent a jugador 6 |
| 38:34 | Magio | Voy Pocker · tribute_sent a jugador 7 |
| 38:34 | Magio | Voy Pocker · tribute_sent a jugador 8 |
| 39:52 | ShanksAoE · first_building Castle |
| 41:28 | ShanksAoE · first_market_buy 100 wood |
| 41:53 | Magio | Paradox · tribute_sent a jugador 1 |
| 41:53 | Magio | Paradox · tribute_sent a jugador 3 |
| 41:53 | Magio | Paradox · tribute_sent a jugador 4 |
| 41:53 | Magio | Paradox · tribute_sent a jugador 5 |
| 41:53 | Magio | Paradox · tribute_sent a jugador 6 |
| 41:53 | Magio | Paradox · tribute_sent a jugador 7 |
| 41:53 | Magio | Paradox · tribute_sent a jugador 8 |
| 41:59 | Mesoku_2k · first_building Barracks |
| 42:04 | Magio | Voy Pocker · tribute_sent a jugador 1 |
| 42:04 | Magio | Voy Pocker · tribute_sent a jugador 2 |
| 42:04 | Magio | Voy Pocker · tribute_sent a jugador 3 |
| 42:04 | Magio | Voy Pocker · tribute_sent a jugador 5 |
| 42:04 | Magio | Voy Pocker · tribute_sent a jugador 6 |
| 42:04 | Magio | Voy Pocker · tribute_sent a jugador 7 |
| 42:04 | Magio | Voy Pocker · tribute_sent a jugador 8 |
| 42:30 | Mesoku_2k · first_building Archery Range |
| 42:36 | [CL]CHiNO · first_building Barracks |
| 43:13 | [CL]_MaNu_ · wall_segment Palisade Wall x1 |
| 43:14 | [CL]_MaNu_ · wall_segment Palisade Wall x1 |
| 44:47 | [CL]CHiNO · first_building Stable |
| 45:03 | Magio | Paradox · tribute_sent a jugador 1 |
| 45:03 | Magio | Paradox · tribute_sent a jugador 3 |
| 45:03 | Magio | Paradox · tribute_sent a jugador 4 |
| 45:03 | Magio | Paradox · tribute_sent a jugador 5 |
| 45:03 | Magio | Paradox · tribute_sent a jugador 6 |
| 45:03 | Magio | Paradox · tribute_sent a jugador 7 |
| 45:03 | Magio | Paradox · tribute_sent a jugador 8 |
| 46:52 | Magio | Voy Pocker · tribute_sent a jugador 1 |
| 46:52 | Magio | Voy Pocker · tribute_sent a jugador 2 |
| 46:52 | Magio | Voy Pocker · tribute_sent a jugador 3 |
| 46:52 | Magio | Voy Pocker · tribute_sent a jugador 5 |
| 46:52 | Magio | Voy Pocker · tribute_sent a jugador 6 |
| 46:52 | Magio | Voy Pocker · tribute_sent a jugador 7 |
| 46:52 | Magio | Voy Pocker · tribute_sent a jugador 8 |
| 46:55 | Magio | Paradox · tribute_sent a jugador 1 |
| 46:55 | Magio | Paradox · tribute_sent a jugador 3 |
| 46:55 | Magio | Paradox · tribute_sent a jugador 4 |
| 46:55 | Magio | Paradox · tribute_sent a jugador 5 |
| 46:55 | Magio | Paradox · tribute_sent a jugador 6 |
| 46:55 | Magio | Paradox · tribute_sent a jugador 7 |
| 46:55 | Magio | Paradox · tribute_sent a jugador 8 |
| 48:08 | ShanksAoE · first_building Archery Range |
| 49:15 | ShanksAoE · tribute_sent a jugador 1 |
| 49:15 | ShanksAoE · tribute_sent a jugador 2 |
| 49:15 | ShanksAoE · tribute_sent a jugador 3 |
| 49:15 | ShanksAoE · tribute_sent a jugador 4 |
| 49:15 | ShanksAoE · tribute_sent a jugador 5 |
| 49:15 | ShanksAoE · tribute_sent a jugador 6 |
| 49:15 | ShanksAoE · tribute_sent a jugador 8 |
| 49:26 | Magio | Paradox · tribute_sent a jugador 1 |
| 49:26 | Magio | Paradox · tribute_sent a jugador 3 |
| 49:26 | Magio | Paradox · tribute_sent a jugador 4 |
| 49:26 | Magio | Paradox · tribute_sent a jugador 5 |
| 49:26 | Magio | Paradox · tribute_sent a jugador 6 |
| 49:26 | Magio | Paradox · tribute_sent a jugador 7 |
| 49:26 | Magio | Paradox · tribute_sent a jugador 8 |
| 50:20 | [CL]Jupy · wall_segment Stone Wall x1 |
| 50:22 | [CL]Jupy · wall_segment Stone Wall x1 |
| 50:42 | [CL]CHiNO · tribute_sent a jugador 2 |
| 50:42 | [CL]CHiNO · tribute_sent a jugador 3 |
| 50:42 | [CL]CHiNO · tribute_sent a jugador 4 |
| 50:42 | [CL]CHiNO · tribute_sent a jugador 5 |
| 50:42 | [CL]CHiNO · tribute_sent a jugador 6 |
| 50:42 | [CL]CHiNO · tribute_sent a jugador 7 |
| 50:42 | [CL]CHiNO · tribute_sent a jugador 8 |
| 50:53 | [CL]Jupy · wall_segment Stone Wall x1 |
| 50:54 | [CL]Jupy · wall_segment Stone Wall x1 |
| 50:56 | [CL]Jupy · wall_segment Stone Wall x1 |
| 51:01 | Jugador de Repuesto · tribute_sent a jugador 1 |
| 51:01 | Jugador de Repuesto · tribute_sent a jugador 2 |
| 51:01 | Jugador de Repuesto · tribute_sent a jugador 3 |
| 51:01 | Jugador de Repuesto · tribute_sent a jugador 4 |
| 51:01 | Jugador de Repuesto · tribute_sent a jugador 5 |
| 51:01 | Jugador de Repuesto · tribute_sent a jugador 7 |
| 51:01 | Jugador de Repuesto · tribute_sent a jugador 8 |
| 51:32 | [CL]Jupy · first_building Archery Range |
| 51:46 | Magio | Paradox · tribute_sent a jugador 1 |
| 51:46 | Magio | Paradox · tribute_sent a jugador 3 |
| 51:46 | Magio | Paradox · tribute_sent a jugador 4 |
| 51:46 | Magio | Paradox · tribute_sent a jugador 5 |
| 51:46 | Magio | Paradox · tribute_sent a jugador 6 |
| 51:46 | Magio | Paradox · tribute_sent a jugador 7 |
| 51:46 | Magio | Paradox · tribute_sent a jugador 8 |
| 52:23 | Magio | Paradox · tribute_sent a jugador 1 |
| 52:23 | Magio | Paradox · tribute_sent a jugador 3 |
| 52:23 | Magio | Paradox · tribute_sent a jugador 4 |
| 52:23 | Magio | Paradox · tribute_sent a jugador 5 |
| 52:23 | Magio | Paradox · tribute_sent a jugador 6 |
| 52:23 | Magio | Paradox · tribute_sent a jugador 7 |
| 52:23 | Magio | Paradox · tribute_sent a jugador 8 |
| 52:45 | [CL]CHiNO · tribute_sent a jugador 2 |
| 52:45 | [CL]CHiNO · tribute_sent a jugador 3 |
| 52:45 | [CL]CHiNO · tribute_sent a jugador 4 |
| 52:45 | [CL]CHiNO · tribute_sent a jugador 5 |
| 52:45 | [CL]CHiNO · tribute_sent a jugador 6 |
| 52:45 | [CL]CHiNO · tribute_sent a jugador 7 |
| 52:45 | [CL]CHiNO · tribute_sent a jugador 8 |
| 52:47 | Jugador de Repuesto · tribute_sent a jugador 1 |
| 52:47 | Jugador de Repuesto · tribute_sent a jugador 2 |
| 52:47 | Jugador de Repuesto · tribute_sent a jugador 3 |
| 52:47 | Jugador de Repuesto · tribute_sent a jugador 4 |
| 52:47 | Jugador de Repuesto · tribute_sent a jugador 5 |
| 52:47 | Jugador de Repuesto · tribute_sent a jugador 7 |
| 52:47 | Jugador de Repuesto · tribute_sent a jugador 8 |
| 53:48 | [CL]CHiNO · resign |
[ AI ANALYSIS · 1 CREDIT ]
What really happened in this match?
Wolo.gg analyzes every decision: build order, eco, micro, common mistakes by bracket. Personalized analysis on WhatsApp or Discord in 30 seconds.
Civ guide
Khitans
Map guide
Arena
Perfil
Jugador #231890